 Dungeon Crawl Stone Soup version 0.30-a0-364-gf6b3ef1049 (webtiles) character file.

Game seed: 17349413411144999730

324 RascalDebosk the Magician (level 6, -2/42 HPs)
             Began as a Djinni Necromancer on Nov 15, 2022.
             Was an Initiate of Ashenzari.
             Slain by Grinder (6 damage)
             ... on level 4 of the Dungeon.
             The game lasted 00:33:57 (4114 turns).

RascalDebosk the Magician (Djinni Necromancer)      Turns: 4114, Time: 00:33:58

Health: -2/42      AC:  2    Str:  7    XL:     6   Next: 77%
Gold:   225        EV: 12    Int: 18    God:    Ashenzari [......] SH:  4 Dex: 14

rFire   + + +      SeeInvis .    s - +0 dagger
rCold   x . .      Faith    .    m - +0 buckler
rNeg    . . .      Spirit   .    a - +0 robe
rPois   ∞          Reflect  .    (no helmet)
rElec   .          Harm     .    (no cloak)
rCorr   .          Rampage  .    (no gloves)
Will    .....                    (boots unavailable)
Stlth   ++........               (no amulet)
HPRegen 0.27/turn                e - ring of protection from fire
MPRegen 0.00/turn                (no ring)

@: animating dead, flying
A: sickness immunity, fire resistance 2, cold vulnerability 1, float, innate
caster, HP casting, extra vitality 1
a: Renounce Religion


You were on level 4 of the Dungeon.
You worshipped Ashenzari.
Ashenzari was noncommittal.
You visited 2 branches of the dungeon, and saw 5 of its levels.

You collected 225 gold pieces.

Inventory:

Hand Weapons
 s - a +0 dagger (weapon)
Armour
 a - a +0 robe (worn)
 l - a +0 kite shield
 m - a +0 buckler (worn)
Jewellery
 e - a ring of protection from fire (left hand)
Scrolls
 c - 3 scrolls of identify {unknown}
 g - a scroll of noise {unknown}
 j - 2 scrolls of immolation {unknown}
 n - a scroll of blinking {unknown}
 o - 3 scrolls of enchant armour {unknown}
 p - a scroll of magic mapping {unknown}
 r - a scroll of teleportation {unknown}
 t - a scroll of fog {unknown}
Potions
 b - 2 potions of lignification {unknown}
 d - a potion of mutation {unknown}
 f - 3 potions of berserk rage {unknown}
 h - a potion of haste {unknown}
 i - 2 potions of heal wounds {unknown}
 k - 4 potions of curing {unknown}
 q - a potion of cancellation {unknown}


   Skills:
 + Level 1.4 Fighting
 - Level 2.1 Dodging
 - Level 1.5 Stealth
 + Level 1.4 Shields
 * Level 5.5 Spellcasting


You couldn't memorise any spells.
You knew the following spells:

 Your Spells              Type           Power      Damage    Failure   Level
a - Necrotise             Necr           100%       1d9       1%          1
b - Vampiric Draining     Necr           25%        2d7       4%          3
c - Animate Dead          Necr           25%        N/A       17%         4
d - Agony                 Necr           25%        N/A       43%         5
e - Slow                  Hex            100%       N/A       1%          1
f - Momentum Strike       Conj/Tloc      50%        3d9       2%          2
Your spell library was empty.

Dungeon Overview and Level Annotations

Branches:
Dungeon (4/15)             Temple (1/1) D:4

Altars:
Ashenzari
Cheibriados
Dithmenos
Elyvilon
Fedhas
Gozag
Hepliaklqana
Makhleb
Nemelex Xobeh
Okawaru
Qazlal
Trog
Uskayaw
Yredelemnul
Zin
The Shining One

Annotations:
D:4 Grinder


Innate Abilities, Weirdness & Mutations

You are immune to sickness and miasma.
You are immune to poison.
Your flesh is very heat resistant. (rF++)
You are vulnerable to cold. (rC-)
You float through the air rather than walking.
You learn spells naturally, not from books.
Your magical power is your life essence.
You have superior vitality. (+4 MHP)


Message History

Press: ? - help, Q - select action, (/) - cycle Shift-Dir - straight line, f/p - hobgoblin
Aim: a hobgoblin (moderately wounded, chance to affect: 92%)
The hobgoblin writhes in agony.
You kill the hobgoblin!
The dead are walking!
You swap places.
Your hobgoblin skeleton crumbles into dust!
b - 2 black potions (gained 1)
o - 3 scrolls labelled GAELOA LYAZUP (gained 1) Grinder comes into view.
Grinder shouts!
Press: ? - help, v - describe, . - travel
Here: Grinder The floor.
Grinder says, "DUCK!"
Grinder blinks!
There is a stone staircase leading up here.
A hound comes into view.
The hound barks!
The hound bites you.
Casting: Necrotise (safe; 1% risk of failure)
Confirm with . or Enter, or press ? or * to list all spells.
The spell is quite dangerous to miscast (17% risk of failure)!
Continue anyway?
You call upon the dead to rise.
You block the hound's attack.
Casting: Animate Dead (quite dangerous; 17% risk of failure)
Confirm with . or Enter, or press ? or * to list all spells.
Aiming: Vampiric Draining (dangerous; 5% risk of failure)
Press: ? - help, Shift-Dir - straight line, f - hound
Aim: a hound You draw life force from the hound!
You feel life coursing into your body. The hound closely misses you.
The hound bites you.
Casting: Vampiric Draining (dangerous; 5% risk of failure)
Confirm with . or Enter, or press ? or * to list all spells.
Aiming: Vampiric Draining (dangerous; 5% risk of failure)
Press: ? - help, Shift-Dir - straight line, f/p - hound
Aim: a hound (heavily wounded)
You draw life force from the hound.
You feel life coursing into your body. You block the hound's attack.
Casting: Vampiric Draining (dangerous; 5% risk of failure)
Confirm with . or Enter, or press ? or * to list all spells.
Aiming: Vampiric Draining (dangerous; 5% risk of failure)
Press: ? - help, Shift-Dir - straight line, f/p - hound
Aim: a hound (almost dead)
You draw life force from the hound!
You kill the hound!
You feel life coursing into your body.
Found a sling.
You see here a +0 sling.
Your reaping aura is weakening.
Your reaping aura expires.
You hit Grinder.
Grinder is lightly wounded.
You block Grinder's attack.
You hit Grinder but do no damage.
Grinder is lightly wounded.
Grinder blinks!
Grinder closely misses you.
Casting: Vampiric Draining (dangerous; 4% risk of failure)
Confirm with . or Enter, or press ? or * to list all spells.
The spell is quite dangerous to miscast (17% risk of failure)!
Continue anyway? [Y]es or [N]o only, please.
The spell is quite dangerous to miscast (17% risk of failure)!
Continue anyway?
You call upon the dead to rise.
Grinder gestures at you.
You struggle to resist.
Casting: Animate Dead (quite dangerous; 17% risk of failure)
Confirm with . or Enter, or press ? or * to list all spells.
You can't see any susceptible monsters within range! (Use Z to cast anyway.)
You hit Grinder.
Grinder is lightly wounded.
You block Grinder's attack.
You hit Grinder but do no damage.
Grinder is lightly wounded.
Grinder gestures at you.
You suddenly lose the ability to move!
Grinder gestures at you.
You shrug off the repeated paralysis!
Grinder gestures at you. Pain shoots through your body! Grinder hits you!
* * * LOW HITPOINT WARNING * * *
You writhe in agony.
* * * LOW HITPOINT WARNING * * *
You can move again.
You hit Grinder but do no damage.
Grinder is lightly wounded.
Grinder hits you.
* * * LOW HITPOINT WARNING * * *
You writhe in agony.
* * * LOW HITPOINT WARNING * * *
You barely miss Grinder.
Grinder is lightly wounded.
Grinder hits you but does no damage.
You hit Grinder but do no damage.
Grinder is lightly wounded.
You block Grinder's attack.
You hit Grinder but do no damage.
Grinder is lightly wounded.
Grinder hits you.
You die...

........####.#..#
#.#.#
..#.#.....##.#..#
#.#.####
.#.#.#..#.##.#
#.#....#
#.#.#.#......#
#.#.##.#
.#.>.#...#####
#.####.#
#.#.#.#..#
#########.#.##.#
.#.#.#...#
#.........#.)..#
..#.#....#
#.#########.####
.........#
#.#..@5.....#
#........#
#.#.#########
####.#### #.#. .#
#.#.# # #.#.#
#.#.# #.#.# #.#.#
#.#.#


You could see Grinder.

Vanquished Creatures
  A hound (D:4)
  2 orc priests (D:4)
  2 orc wizards
  Natasha (D:2)
  3 adders
  2 worms (D:3)
  6 dart slugs
  6 orcs (D:3)
  5 bats
  3 endoplasms
  2 giant cockroaches
  9 goblins
  6 hobgoblins
  5 jackals
  3 quokkas
  A ball python (D:2)
  2 frilled lizards (D:1)
  12 kobolds
  4 rats
75 creatures vanquished.

Vanquished Creatures (collateral kills)
  Natasha (D:2)
  A dart slug (D:1)
  An endoplasm (D:2)
  A goblin (D:2)
  A kobold (D:2)
5 creatures vanquished.

Vanquished Creatures (others)
  Natasha (D:2)
  A bat zombie (D:2)
  A goblin (D:3)
  2 goblin zombies
  3 jackal zombies (D:2)
  A kobold zombie (D:3)
9 creatures vanquished.

Grand Total: 89 creatures vanquished

Notes
Turn   | Place    | Note
-------+----------+-------------------------------------------
     0 | D:1      | RascalDebosk the Djinni Necromancer began the quest for the
                  | Orb.
     0 | D:1      | RascalDebosk set off with the following spells memorised:
                  | Necrotise, Vampiric Draining, Animate Dead, Agony.
     0 | D:1      | Reached XP level 1. HP: 15/15 MP: 0/0
   277 | D:1      | Reached XP level 2. HP: 19/21 MP: 0/0
   522 | D:1      | Reached XP level 3. HP: 24/25 MP: 0/0
   522 | D:1      | Learned a level 1 spell: Slow
   591 | D:1      | Reached skill level 4 in Spellcasting
  1093 | D:2      | Noticed Natasha
  1101 | D:2      | Killed Natasha
  1102 | D:2      | Reached XP level 4. HP: 11/31 MP: 0/0
  1450 | D:2      | Noticed Natasha
  1458 | D:2      | Killed Natasha
  1459 | D:2      | Reached XP level 5. HP: 4/35 MP: 0/0
  1459 | D:2      | Learned a level 2 spell: Momentum Strike
  1565 | D:2      | Noticed Natasha
  1574 | D:2      | Killed Natasha
  2190 | D:3      | Reached skill level 5 in Spellcasting
  2226 | D:3      | Found a hide-covered altar of Uskayaw.
  2736 | D:3      | Reached XP level 6. HP: 6/41 MP: 0/0
  3006 | D:3      | Found a stormy altar of Qazlal.
  3252 | D:4      | Reached skill level 1 in Shields
  3256 | D:4      | Reached skill level 1 in Fighting
  3487 | D:4      | Found an opulent altar of Gozag.
  3487 | D:4      | Found a snail-covered altar of Cheibriados.
  3668 | D:4      | Found a staircase to the Ecumenical Temple.
  3674 | Temple   | Entered the Ecumenical Temple
  3683 | Temple   | Became a worshipper of Ashenzari the Shackled
  4015 | D:4      | Noticed Grinder
  4107 | D:4      | Paralysed by Grinder for 4 turns
  4114 | D:4      | Slain by Grinder

Illustrated notes

Levels and vault maps discovered:
D:1:      saegor_arrival_simple_e, layout_basic
D:2:      layout_basic, st_stairs_12, uniq_natasha
D:3:      layout_loops_ring, mainiacjoe_overflow_24_doors,
          nicolae_overflow_crystal_walls
D:4:      layout_basic, gammafunk_temple_overflow_statue,
          minmay_temple_entry_grid, uniq_grinder
Temple:   eino_temple_lava

Skill      XL: |  1  2  3  4  5  6 |
---------------+-------------------+-----
Spellcasting   | 4 5 |  5.5
Shields        | 1 |  1.4
Fighting       | 1 |  1.4
Dodging        | |  2.1
Stealth        | |  1.5

Action                   |  1- 3 |  4- 6 || total
-------------------------+-------+-------++-------
Melee: Dagger            |       |    22 ||    22
 Cast: Necrotise         |    57 |    88 ||   145
       Vampiric Draining |     1 |    15 ||    16
       Animate Dead      |       |     9 ||     9
       Momentum Strike   |       |     4 ||     4
       Slow              |       |     2 ||     2
Armor: Robe              |     4 |    10 ||    14
Dodge: Dodged            |     8 |    37 ||    45
Block: Buckler           |       |     8 ||     8

Table legend: (Time is in decaauts)
 A = Elapsed time spent in this place.
 B = Non-inter-level travel time spent in this place.
 C = Inter-level travel time spent in this place.
 D = Time resting spent in this place.
 E = Time spent auto-exploring this place.
 F = Levels seen in this place.
 G = Mean time per level.
                   A        B        C        D        E       F      G
               +--------+--------+--------+--------+--------+-----+--------+
         Total |   4130 |   4069 |     61 |    518 |   2204 |   5 |  826.0 |
       Dungeon |   4060 |   3999 |     61 |    518 |   2158 |   4 | 1015.0 |
        Temple |     69 |     69 |      0 |      0 |     46 |   1 |   69.0 |
               +--------+--------+--------+--------+--------+-----+--------+

Top non-repeatable levels by time:
     D:3: 1127 daAuts
     D:2: 1091 daAuts
     D:1: 1026 daAuts
     D:4: 815 daAuts
  Temple: 69 daAuts
